 Dungeon Crawl Stone Soup version 0.30-a0-34-gbe8da3892a (webtiles) character file.

Game seed: 804649210282578135

153 frimble the Cutter (level 5, 0/35 HPs)
             Began as a Demonspawn Air Elementalist on Aug 27, 2022.
             Frozen to death by an endoplasm (5 damage)
             ... on level 3 of the Dungeon.
             The game lasted 00:02:11 (3036 turns).

frimble the Cutter (Demonspawn Air Elementalist)    Turns: 3036, Time: 00:02:12

Health: 0/35       AC:  5    Str:  8    XL:     5   Next: 12%
Magic:  8/8        EV: 14    Int: 17    God:
Gold:   148        SH:  4    Dex: 15    Spells: 7/8 levels left

rFire   . . .      SeeInvis .    e - +0 dagger (venom)
rCold   . . .      Faith    .    (no shield)
rNeg    . . .      Spirit   .    d - +0 ring mail
rPois   .          Reflect  .    (helmet restricted)
rElec   .          Harm     .    (no cloak)
rCorr   .          Rampage  .    (no gloves)
Will    .....                    (no boots)
Stlth   +.........               (no amulet)
HPRegen 0.11/turn                h - +4 ring of evasion
MPRegen 0.11/turn                (no ring)

@: slowed, very slow
A: horns 2, large bone plates 1
a: no special abilities


You were on level 3 of the Dungeon.
You visited 1 branch of the dungeon, and saw 3 of its levels.

You collected 148 gold pieces.

Inventory:

Hand Weapons
 c - a +0 short sword
 e - a +0 dagger of venom (weapon)
 k - a +2 short sword of protection
Armour
 a - a +0 robe
 d - a +0 ring mail (worn)
Jewellery
 h - a +4 ring of evasion (left hand)
Scrolls
 i - 3 scrolls of teleportation
 j - 2 scrolls of identify {unknown}
 l - a scroll of butterflies {unknown}
 m - a scroll of magic mapping {unknown}
 n - a scroll of enchant weapon {unknown}
 o - a scroll of enchant armour {unknown}
 q - a scroll of fear {unknown}
Potions
 b - 2 potions of magic
 f - a potion of might {unknown}
 p - a potion of heal wounds {unknown}


   Skills:
 + Level 4.3 Short Blades
 - Level 1.8 Dodging
 - Level 1.8 Stealth
 - Level 2.0 Spellcasting
 - Level 1.0 Conjurations
 - Level 2.7 Air Magic


You had 7 spell levels left.
You knew the following spells:

 Your Spells              Type           Power      Damage    Failure   Level
a - Shock                 Conj/Air       32%        1d5       26%         1

Your spell library contained the following spells:

 Spells                   Type           Power      Damage    Failure   Level
 Static Discharge         Conj/Air       16%        3-4/arc   38%         2
 Swiftness                Air            11%        N/A       52%         3
 Airstrike                Air            5%         2d(1-17)  89%         4


Dungeon Overview and Level Annotations

Branches:
Dungeon (3/15)

Altars:


Innate Abilities, Weirdness & Mutations

You have a pair of horns on your head.
You are partially covered in large bone plates. (SH +4)


Message History

The quokka bites you.
* * * LOW HITPOINT WARNING * * *
You have reached level 5!
Your demonic ancestry asserts itself...
The horns on your head grow some more.
You feel better. The endoplasm freezes you.
You are frozen.
* * * LOW HITPOINT WARNING * * *
The quokka closely misses you. The endoplasm barely misses you.
You block the quokka's attack.
You closely miss the quokka.
The quokka bites you but does no damage.
The endoplasm closely misses you.
You aren't carrying any items that you can evoke.
You feel better. You block the quokka's attack. The endoplasm freezes you.
You are frozen.
The quokka bites you but does no damage.
Okay, then.
You closely miss the quokka. You block the endoplasm's attack.
The quokka closely misses you. The endoplasm freezes you.
You are frozen.
You hit the quokka.
The quokka is poisoned.
The quokka is severely wounded.
The quokka closely misses you. The endoplasm freezes you.
You are frozen.
* * * LOW HITPOINT WARNING * * *
The quokka closely misses you. The quokka attacks as you move away!
The quokka bites you.
* * * LOW HITPOINT WARNING * * *
Found a runed silver wand.
The quokka misses you.
You hit the endoplasm but do no damage.
The endoplasm is poisoned.
Your headbutt misses the endoplasm.
You kill the quokka!
The endoplasm freezes you.
You are frozen.
You die...

...[.## #.# .#
####..###### #.##.
#).......# #...
#........# #..#
#........# #..####
#........###^....#####
#........'..#.........
#........##.#.†.......
#[.......##..J@.......
#........###..........
########## ##....>....
.......... ...........
/...........
......?######
........#


You could see an endoplasm (very poisoned).

Vanquished Creatures
  An orc wizard (D:3)
  Natasha (thrice) (D:3)
  An adder (D:2)
  A worm (D:3)
  2 orcs (D:3)
  3 ball pythons
  7 endoplasms
  3 giant cockroaches
  3 hobgoblins
  2 quokkas
  A bat (D:1)
  4 frilled lizards
  6 kobolds
  7 rats
44 creatures vanquished.

Vanquished Creatures (collateral kills)
  A bat (D:3)
1 creature vanquished.

Grand Total: 45 creatures vanquished

Notes
Turn   | Place    | Note
-------+----------+-------------------------------------------
     0 | D:1      | frimble the Demonspawn Air Elementalist began the quest for
                  | the Orb.
     0 | D:1      | Reached XP level 1. HP: 13/13 MP: 3/3
   460 | D:1      | Reached skill level 1 in Short Blades
   492 | D:1      | Gained mutation: You are partially covered in large bone
                  | plates. (SH +4) [demonic ancestry]
   492 | D:1      | Reached XP level 2. HP: 18/19 MP: 5/5
  1331 | D:2      | Identified the +2 robe of the Camelopard {rN+++ Will- Int+6
                  | Dex-3}
  1341 | D:2      | Reached skill level 2 in Short Blades
  1422 | D:2      | Reached XP level 3. HP: 15/24 MP: 6/6
  1914 | D:2      | You fall into a shaft and drop 1 floor!
  1939 | D:3      | Noticed Natasha
  1955 | D:3      | Killed Natasha
  1956 | D:3      | Reached skill level 3 in Short Blades
  2386 | D:3      | Gained mutation: You have a pair of small horns on your
                  | head. [demonic ancestry]
  2386 | D:3      | Reached XP level 4. HP: 29/30 MP: 7/7
  2404 | D:3      | Noticed Natasha
  2405 | D:3      | Found a faded altar of an unknown god.
  2414 | D:3      | Killed Natasha
  2789 | D:3      | Reached skill level 4 in Short Blades
  3022 | D:3      | Noticed Natasha
  3029 | D:3      | Killed Natasha
  3030 | D:3      | Gained mutation: You have a pair of horns on your head.
                  | [demonic ancestry]
  3030 | D:3      | Reached XP level 5. HP: 2/35 MP: 8/8
  3036 | D:3      | Frozen to death by an endoplasm

Illustrated notes

Levels and vault maps discovered:
D:1:      lightli_arrival_chessboard, layout_basic
D:2:      layout_basic
D:3:      layout_basic, hellmonk_ecumenical_altar_blasted, uniq_natasha

Skill      XL: |  1  2  3  4 |
---------------+-------------+-----
Short Blades   | 1 2 3 4 |  4.3
Dodging        | |  1.8
Stealth        | |  1.8
Spellcasting   | |  2.0
Conjurations   | |  1.0
Air Magic      | |  2.7

Action                   |  1- 3 |  4- 6 || total
-------------------------+-------+-------++-------
Melee: Short sword       |    52 |       ||    52
       Unarmed           |     9 |       ||     9
       Dagger            |    43 |    38 ||    81
       Headbutt          |       |    10 ||    10
 Cast: Shock             |     2 |       ||     2
  Use: Scroll            |     2 |       ||     2
       Potion            |     1 |     3 ||     4
 Stab: Sleeping          |     3 |       ||     3
Armor: Robe              |     8 |       ||     8
       Ring mail         |    14 |     6 ||    20
Dodge: Dodged            |    58 |    19 ||    77
Block: Other             |    12 |     8 ||    20

Table legend: (Time is in decaauts)
 A = Elapsed time spent in this place.
 B = Non-inter-level travel time spent in this place.
 C = Inter-level travel time spent in this place.
 D = Time resting spent in this place.
 E = Time spent auto-exploring this place.
 F = Levels seen in this place.
 G = Mean time per level.
                   A        B        C        D        E       F      G
               +--------+--------+--------+--------+--------+-----+--------+
         Total |   3029 |   2984 |     45 |    111 |   2497 |   3 | 1009.7 |
       Dungeon |   3029 |   2984 |     45 |    111 |   2497 |   3 | 1009.7 |
               +--------+--------+--------+--------+--------+-----+--------+

Top non-repeatable levels by time:
     D:1: 1314 daAuts
     D:2: 1170 daAuts
     D:3: 544 daAuts
